 Dungeon Crawl Stone Soup version 0.30-a0-585-g93115170b9 (webtiles) character file.

Game seed: 12174813999164625004

49 spardeous the Digger (level 3, -4/14 HPs)
             Began as a Felid Earth Elementalist on Jan 2, 2023.
             Slain by an orc
             ... wielding a +1 flail of holy wrath
              (10 damage)
             ... on level 3 of the Dungeon.
             The game lasted 00:01:51 (1987 turns).

spardeous the Digger (Felid Earth Elementalist)     Turns: 1987, Time: 00:01:52

Health: -4/14      AC:  1    Str:  4    XL:     3   Next: 51%
Magic:  3/7        EV: 17    Int: 18    God:
Gold:   161        SH:  0    Dex: 16    Spells: 2/6 levels left
                                        Lives:  0   Deaths: 0

rFire   . . .      SeeInvis +    (weapon unavailable)
rCold   . . .      Faith    .    (shield unavailable)
rNeg    . . .      Spirit   .    (body armour unavailable)
rPois   .          Reflect  .    (helmet unavailable)
rElec   .          Harm     .    (cloak unavailable)
rCorr   .          Rampage  .    (gloves unavailable)
Will    .....                    (boots unavailable)
Stlth   ++                       (no amulet)
HPRegen 0.22/turn                (no ring)
MPRegen 0.10/turn                (no ring)

@: very slightly contaminated, quick
A: very small, claws 1, fangs 3, see invisible, speed 1, shaggy fur 1, stealthy
paws, no weapons or thrown items, no armour, multi-lived
a: no special abilities


You were on level 3 of the Dungeon.
You visited 1 branch of the dungeon, and saw 3 of its levels.

You collected 161 gold pieces.

Inventory:

Jewellery
 e - a ring of magical power
Scrolls
 b - a scroll of identify {unknown}
 d - a scroll of silence {unknown}
 f - 4 scrolls of teleportation {unknown}
 g - a scroll of amnesia {unknown}
 h - a scroll of magic mapping {unknown}
 i - a scroll of fog {unknown}
Potions
 a - a potion of magic
 c - a potion of resistance {unknown}


   Skills:
 - Level 2.6 Dodging
 - Level 2.6 Stealth
 - Level 2.0 Spellcasting
 - Level 2.5 Transmutations
 + Level 3.6 Earth Magic


You had 2 spell levels left.
You knew the following spells:

 Your Spells              Type           Power      Damage    Failure   Level
a - Sandblast             Erth           28%        2d8       4%          1
b - Stone Arrow           Conj/Erth      16%        3d8       26%         3

Your spell library contained the following spells:

 Spells                   Type           Power      Damage    Failure   Level
 Passwall                 Tmut/Erth      10%        N/A       8%          2
 Petrify                  Tmut/Erth      12%        N/A       45%         4


Dungeon Overview and Level Annotations

Branches:
Dungeon (3/15)

Altars:

Shops:
D:2 [


Innate Abilities, Weirdness & Mutations

You have sharp claws.
You have razor-sharp teeth.
You have supernaturally acute eyesight. (SInv)
You cover ground quickly. (Speed+)
You are covered in fur. (AC +1)
Your paws help you pounce on unaware monsters.
You are incapable of wielding weapons or throwing items.
You cannot wear armour.
You gain extra lives every three experience levels.


Message History

You kill the kobold!
Your magical contamination has completely faded away.
An orc comes into view.
It is wielding a +1 flail of holy wrath.
An orc is nearby!
An orc is nearby!
An orc is nearby!
Casting: Sandblast (safe; 4% risk of failure)
Confirm with . or Enter, or press ? or * to list all spells.
You don't know that spell.
The orc shouts!
An orc wizard comes into view. It is wielding a +0 dagger.
Casting: Sandblast (safe; 4% risk of failure)
Confirm with . or Enter, or press ? or * to list all spells.
Aiming: Sandblast (safe; 4% risk of failure)
Press: ? - help, Shift-Dir - straight line, f - orc
Aim: an orc, wielding a +1 flail of holy wrath and wearing a +0 leather armour (82% to hit)
The blast of sand hits the orc.
The orc is almost dead.
Casting: Sandblast (safe; 4% risk of failure)
Confirm with . or Enter, or press ? or * to list all spells.
Aiming: Sandblast (safe; 4% risk of failure)
Press: ? - help, Shift-Dir - straight line, f/p - orc
Aim: an orc, wielding a +1 flail of holy wrath and wearing a +0 leather armour (almost dead, 82% to hit)
The blast of sand hits the orc but does no damage.
The orc is almost dead.
The orc wizard gestures wildly while chanting.
The orc wizard flickers and vanishes for a moment.
The orc hits you with a +1 flail of holy wrath!
Ouch! That really hurt!
Casting: Sandblast (safe; 4% risk of failure)
Confirm with . or Enter, or press ? or * to list all spells.
Aiming: Sandblast (safe; 4% risk of failure)
Press: ? - help, Shift-Dir - straight line, f/p - orc
Aim: an orc, wielding a +1 flail of holy wrath and wearing a +0 leather armour (almost dead, 82% to hit)
You miscast Sandblast.
You are very lightly contaminated with residual magic.
Nothing appears to happen.
The orc hits you with a +1 flail of holy wrath!
Ouch! That really hurt!
You die...

..##..#.#.#######.#
.....).>..##...##.#
....##....#.....#.#
..(..#..........#.#
##........#.....#.#
..........##...##)#
...#..#.#.###.###.#
###...#...........#
......#.######@##
.. ##...# #o# ###
..# #.## #o .. ..
...


You could see an orc wizard (invisible) and an orc.

Vanquished Creatures
  An adder (D:3)
  A worm (D:2)
  3 dart slugs (D:1)
  An orc (D:3)
  2 ball pythons (D:2)
  3 endoplasms
  3 giant cockroaches (D:1)
  3 goblins
  4 hobgoblins
  2 quokkas
  A bat (D:1)
  A frilled lizard (D:1)
  2 kobolds
27 creatures vanquished.

Notes
Turn   | Place    | Note
-------+----------+-------------------------------------------
     0 | D:1      | spardeous the Felid Earth Elementalist began the quest for
                  | the Orb.
     0 | D:1      | Reached XP level 1. HP: 7/7 MP: 4/4
   249 | D:1      | Reached XP level 2. HP: 11/11 MP: 4/6
   768 | D:1      | Reached skill level 3 in Earth Magic
  1115 | D:2      | Found Fomnapie's Antique Armour Boutique.
  1155 | D:2      | Reached XP level 3. HP: 14/14 MP: 1/7
  1240 | D:2      | Found a faded altar of an unknown god.
  1691 | D:2      | Learned a level 3 spell: Stone Arrow
  1987 | D:3      | Slain by an orc

Illustrated notes

Levels and vault maps discovered:
D:1:      spicycebolla_arrival_xxxplode, layout_loops_corners,
          minmay_misc_feat_columns
D:2:      layout_basic, hellmonk_ecumenical_altar_run_dry, serial_shops, shop
D:3:      cheibrodos_old_hovel, layout_basic, minmay_misc_feat_enclosed,
          corexii_shack, uniq_grinder

Skill      XL: |  1  2 |
---------------+-------+-----
Transmutations | 2 |  2.5
Earth Magic    | 3 |  3.6
Dodging        | |  2.6
Stealth        | |  2.6
Spellcasting   | |  2.0

Action                   || total
-------------------------++-------
Melee: Unarmed           ||    12
       Bite              ||     1
 Cast: Sandblast         ||    52
Armor: Skin              ||     2
Dodge: Dodged            ||    26

Table legend: (Time is in decaauts)
 A = Elapsed time spent in this place.
 B = Non-inter-level travel time spent in this place.
 C = Inter-level travel time spent in this place.
 D = Time resting spent in this place.
 E = Time spent auto-exploring this place.
 F = Levels seen in this place.
 G = Mean time per level.
                   A        B        C        D        E       F      G
               +--------+--------+--------+--------+--------+-----+--------+
         Total |   1740 |   1582 |    158 |      0 |   1404 |   3 |  580.0 |
       Dungeon |   1740 |   1582 |    158 |      0 |   1404 |   3 |  580.0 |
               +--------+--------+--------+--------+--------+-----+--------+

Top non-repeatable levels by time:
     D:1: 1051 daAuts
     D:2: 563 daAuts
     D:3: 125 daAuts
